 Dungeon Crawl Stone Soup version 0.27.1-34-g3ba077fa99 (webtiles) character file.

Game seed: 11536383823704898649

4097 mcbry74 the Grappler (level 10, -3/91 HPs)
             Began as a Troll Gladiator on Jan 28, 2022.
             Was a Priest of Trog.
             Slain by a yak (16 damage)
             ... on level 8 of the Dungeon.
             The game lasted 00:23:02 (5714 turns).

mcbry74 the Grappler (Troll Gladiator)              Turns: 5714, Time: 00:23:03

Health: -3/91      AC:  4    Str: 26    XL:     10   Next: 5%
Magic:  9/9        EV: 10    Int:  5    God:    Trog [***...]
Gold:   268        SH:  5    Dex: 11    Spells: 9/9 levels left

rFire    . . .     SeeInvis .     - Unarmed
rCold    + . .     Faith    .   (no shield)
rNeg     . . .     Spirit   .   a - +0 robe
rPois    .         Reflect  +   b - +0 hat
rElec    .         Harm     .   (no cloak)
rCorr    .         Rampage  .   (gloves unavailable)
Will     ++...                  (boots unavailable)
Stlth    +.........             y - amulet of reflection
HPRegen  2.25/turn              e - ring of protection from cold
MPRegen  0.11/turn              (no ring)

@: about to teleport, strong-willed, regenerating
A: large, unfitting armour, claws 3, regeneration 1, shaggy fur 1, tough skin 1
a: Renounce Religion, Berserk, Trog's Hand


You were on level 8 of the Dungeon.
You worshipped Trog.
Trog was most pleased with you.
You visited 1 branch of the dungeon, and saw 8 of its levels.
You also visited: Bailey.

You collected 268 gold pieces.

Inventory:

Hand Weapons
 p - a +0 eveningstar
 v - a +0 giant spiked club
 E - a +2 dire flail of holy wrath
Missiles
 c - 6 throwing nets
 h - 43 boomerangs (quivered)
 s - 17 poisoned darts
 t - a javelin
 u - 40 sling bullets
 F - 4 atropa-tipped darts
Armour
 a - a +0 robe (worn)
 b - a +0 hat (worn)
Jewellery
 e - a ring of protection from cold (left claw)
 x - an amulet of guardian spirit
 y - an amulet of reflection (around neck)
Scrolls
 d - a scroll of torment
 g - a scroll of magic mapping
 m - 3 scrolls of teleportation
 n - a scroll of blinking {unknown}
 o - a scroll of amnesia {unknown}
 q - a scroll of enchant weapon {unknown}
 r - a scroll of noise {unknown}
 w - a scroll of holy word {unknown}
 B - a scroll of silence {unknown}
 C - a scroll of vulnerability {unknown}
 D - a scroll of enchant armour {unknown}
Potions
 f - a potion of mutation
 i - a potion of heal wounds
 j - 5 potions of curing
 k - 2 potions of flight
 l - 3 potions of attraction
 z - 2 potions of brilliance {unknown}
 A - a potion of degeneration {unknown}


   Skills:
 + Level 3.3 Fighting
 + Level 2.8 Maces & Flails
 + Level 3.5 Throwing
 + Level 2.5 Armour
 + Level 3.7 Dodging
 + Level 12.4 Unarmed Combat


You had 9 spell levels left.
You didn't know any spells.
Your spell library contained the following spells:

 Spells                   Type           Power      Damage    Failure   Level
 Beastly Appendage        Tmut           0%         N/A       47%         1
 Wereblood                Tmut           0%         N/A       63%         2
 Spider Form              Tmut/Pois      0%         N/A       85%         3


Dungeon Overview and Level Annotations

Branches:
Dungeon (8/15)             Temple (0/1) D:6          Bailey (visited)
   Lair: D:8-11

Altars:
Elyvilon
Kikubaaqudgha
Nemelex Xobeh
Trog
Wu Jian
Xom
Zin
The Shining One

Shops:
D:4 (


Innate Abilities, Weirdness & Mutations

You are too large for most types of armour.
You have claws for hands.
Your natural rate of healing is unusually fast.
You are covered in fur. (AC +1)
You have tough skin. (AC +1)


Message History

You claw the steam dragon!
You kill the steam dragon!
Trog accepts your kill.
You have reached level 10!
You scratch the yak.
The yak is moderately wounded.
You block the yak's attack.
Your skin crawls.
You feel strong-willed.
You scratch the yak but do no damage. You claw the yak!
You kill the yak!
Trog accepts your kill.
You are engulfed in a cloud of scalding steam.
You scratch the yak but do no damage.
The yak is moderately wounded.
You barely miss the yak.
The yak is moderately wounded.
The yak snorts and paws the ground.
You scratch the yak but do no damage.
The yak is moderately wounded.
The yak gores you. The yak barely misses you.
You claw the yak!
The yak is heavily wounded.
The yak gores you! The yak closely misses you. The yak gores you!
* * * LOW HITPOINT WARNING * * *
You barely miss the yak.
The yak is heavily wounded.
The yak gores you but does no damage.
As you read the scroll of teleportation, it crumbles to dust.
You feel strangely unstable. The yak gores you!
* * * LOW HITPOINT WARNING * * *
The yak gores you.
* * * LOW HITPOINT WARNING * * *
You mangle the yak!!
You kill the yak!
Trog accepts your kill. The yak gores you but does no damage.
You closely miss the yak. The yak gores you!
You die...

,*,,,,.........#.#.##...[..#*,*
,*,,,,.........#.#.##......#*,*
,*,,,,........Y#)#.##......#*,***
,*,,,,..........<#..#......#*,,,,
,*,,,,....######)#..#......######
,*,,,,............§..#...........
,*,,,,.Y,#######Y#...#.#.#######.
**,,,,.,,****#.YY#.#.#.#.# #.
*,,,,,,.......#@#.#...#.# #.
***,,,,.......###.#...#.#######.
****,,,,.......*,................
,,,*,,,,....§..*,#............###
,,,*,,,,....§..*,...≈≈≈≈≈≈≈≈≈....
,,,*,,,,.......**##.≈#######≈.##.
,,,*,,,,.......**##.≈#>...∩#≈.#*,
,,,*,,,,,,,,,,,,,...≈#.....#≈.##,
,,,**********,*,,...≈##'''##≈..#,


You could see 3 yaks.

Vanquished Creatures
  A two-headed ogre (D:8)
  Sigmund (D:3)
  3 yaks (D:8)
  A steam dragon (D:8)
  2 water moccasins
  A black bear (D:4)
  7 orc warriors
  An ogre (D:4)
  3 necrophages
  2 phantoms (D:5)
  2 bullfrogs
  A gnoll sergeant (D:6)
  2 scorpions
  5 killer bees (D:8)
  5 wights (D:6)
  A howler monkey (D:7)
  3 hounds
  A centaur skeleton (D:6)
  An orc priest (D:6)
  5 iguanas
  Jessica (D:3)
  4 orc wizards (D:7)
  3 hound skeletons
  5 gnolls (D:6)
  3 adders
  2 shadow imps (D:6)
  A white imp (D:5)
  A dart slug (D:2)
  11 orcs
  8 ball pythons
  5 endoplasms
  15 goblins
  12 hobgoblins
  4 jackals (D:4)
  3 quokkas
  3 training dummies (D:4)
  5 bats
  4 frilled lizards (D:1)
  18 kobolds
  2 rats
158 creatures vanquished.

Notes
Turn   | Place    | Note
-------+----------+-------------------------------------------
     0 | D:1      | mcbry74 the Troll Gladiator began the quest for the Orb.
     0 | D:1      | Reached XP level 1. HP: 19/19 MP: 0/0
    90 | D:1      | Reached XP level 2. HP: 27/27 MP: 1/1
   219 | D:1      | Found a faded altar of an unknown god.
   300 | D:1      | Reached skill level 4 in Unarmed Combat
   559 | D:2      | Reached XP level 3. HP: 33/33 MP: 2/2
   666 | D:2      | Found a sparkling altar of Nemelex Xobeh.
  1229 | D:3      | Noticed Jessica
  1234 | D:3      | Killed Jessica
  1235 | D:3      | Reached skill level 5 in Unarmed Combat
  1235 | D:3      | Reached XP level 4. HP: 41/41 MP: 3/3
  1239 | D:3      | Found an ornate altar of the Wu Jian Council.
  1239 | D:3      | Found a white marble altar of Elyvilon.
  1348 | D:3      | Noticed Sigmund
  1360 | D:3      | Killed Sigmund
  1361 | D:3      | Reached skill level 6 in Unarmed Combat
  1361 | D:3      | Reached XP level 5. HP: 37/48 MP: 4/4
  1561 | D:3      | Found a bloodstained altar of Trog.
  1561 | D:3      | Found an ancient bone altar of Kikubaaqudgha.
  1570 | D:3      | Became a worshipper of Trog the Wrathful
  1687 | D:3      | Found a glowing golden altar of the Shining One.
  2024 | D:4      | Reached XP level 6. HP: 39/55 MP: 5/5
  2065 | D:4      | Reached skill level 7 in Unarmed Combat
  2121 | D:4      | Found Zibleunnarph's Firing Range.
  2393 | D:4      | Reached skill level 8 in Unarmed Combat
  2454 | D:4      | Reached XP level 7. HP: 62/62 MP: 6/6
  2627 | D:5      | Entered Level 5 of the Dungeon
  2777 | D:5      | Reached skill level 9 in Unarmed Combat
  2953 | D:5      | Reached * piety under Trog
  3206 | D:5      | Noticed an angel
  3209 | D:5      | Found a shimmering altar of Xom.
  3209 | D:5      | Found a glowing silver altar of Zin.
  3508 | D:6      | Reached XP level 8. HP: 69/70 MP: 7/7
  3547 | D:6      | Reached skill level 10 in Unarmed Combat
  3642 | D:6      | Found a staircase to the Ecumenical Temple.
  3891 | D:6      | Reached skill level 11 in Unarmed Combat
  4721 | D:7      | Reached skill level 12 in Unarmed Combat
  4721 | D:7      | Reached XP level 9. HP: 63/76 MP: 8/8
  4722 | D:7      | Reached ** piety under Trog
  5207 | D:8      | Found a flagged portal.
  5227 | Bailey   | Entered a bailey
  5239 | Bailey   | Identified the +3 scale mail of the Trees {+Inv rF+ Will-}
  5328 | Bailey   | Reached skill level 1 in Maces & Flails
  5328 | Bailey   | Reached skill level 1 in Armour
  5560 | Bailey   | Reached *** piety under Trog
  5620 | D:8      | Noticed a two-headed ogre
  5638 | D:8      | Killed a two-headed ogre
  5703 | D:8      | Reached XP level 10. HP: 39/91 MP: 9/9
  5714 | D:8      | Slain by a yak

Illustrated notes

Levels and vault maps discovered:
D:1:      minmay_arrival_jagged, layout_basic,
          shapermc_ecumenical_altar_totnotflames, minmay_misc_feat_columns
D:2:      layout_loops_ring, basic_altar, minmay_curled_crystal
D:3:      layout_loops_ring, gammafunk_temple_overflow_pools,
          nicolae_overflow_hidden_temple, dk_noncrumbling_2, uniq_jessica,
          uniq_sigmund
D:4:      layout_basic, nicolae_shop_firing_range
D:5:      layout_basic, grunt_temple_overflow_order_and_chaos_1
D:6:      layout_loops_ring, minmay_temple_entry_junction_2, kennysheep_path_1,
          grunt_decor_clamped
D:7:      layout_loops_ring
D:8:      layout_basic, enter_bailey_4

Skill      XL: |  1  2  3  4  5  6  7  8  9 |
---------------+----------------------------+-----
Unarmed Combat | 4 5 6 8 9 12 | 12.4
Throwing       | 3 |  3.5
Fighting       | 3 |  3.3
Maces & Flails | 2 |  2.8
Armour         | 2 |  2.5
Dodging        | 3 |  3.7

Action                   |  1- 3 |  4- 6 |  7- 9 | 10-12 || total
-------------------------+-------+-------+-------+-------++-------
Melee: Unarmed           |    96 |    79 |   257 |     9 ||   441
       Punch             |       |     2 |    12 |     1 ||    15
Throw: Throwing net      |       |     4 |     2 |       ||     6
       Dart              |       |       |     6 |       ||     6
       Javelin           |       |       |     1 |       ||     1
       Boomerang         |       |       |     2 |       ||     2
Invok: Trog's Hand       |       |       |     1 |     1 ||     2
  Use: Scroll            |       |       |     6 |     1 ||     7
       Potion            |       |       |     2 |       ||     2
Armor: Robe              |    27 |    24 |    37 |     2 ||    90
Dodge: Dodged            |    29 |    37 |    73 |     2 ||   141
Block: Other             |       |       |    40 |     1 ||    41
       Reflection        |       |       |     6 |       ||     6
